 Dungeon Crawl Stone Soup version 0.19.5 (webtiles) character file.

178 Diazepam the Chiller (level 5, 21/21 HPs)
             Began as a Felid Ice Elementalist on Apr 29, 2017.
             Quit the game on level 5 of the Dungeon.
             The game lasted 00:22:49 (7839 turns).

Diazepam the Chiller (Felid Ice Elementalist)       Turns: 7839, Time: 00:22:49

Health: 21/21      AC:  2    Str:  4    XL:     5   Next: 32%
Magic:  12/12      EV: 18    Int: 19    God:
Gold:   250        SH:  0    Dex: 16    Spells: 3 memorised, 5 levels left
                                        Lives:  0   Deaths: 2

rFire  . . .     SeeInvis +     (weapon unavailable)
rCold  . . .     Gourm    +     (armour unavailable)
rNeg   . . .     Faith    .     (shield unavailable)
rPois  .         Spirit   .     (helmet unavailable)
rElec  .         Reflect  .     (cloak unavailable)
rCorr  .         Harm     .     (gloves unavailable)
MR     .....                    (boots unavailable)
Stlth  +++.......               j - amulet of the gourmand
                                (no ring)
                                (no ring)

@: quick
A: no armour, no weapons or thrown items, stealth, claws 1, fangs 3, see
invisible, carnivore 3, speed 1, shaggy fur 2, slow metabolism 1, sharp paws
a: no special abilities


You were on level 5 of the Dungeon.
You were not hungry.

You visited 1 branch of the dungeon, and saw 5 of its levels.

You collected 250 gold pieces.

Inventory:

Jewellery
 j - an amulet of the gourmand (around neck)
Wands
 k - a wand of acid (8/15)
Scrolls
 c - 6 scrolls of identify
 d - 3 scrolls of teleportation
 g - a scroll of amnesia
 o - 2 scrolls of recharging
Potions
 e - 2 potions of heal wounds {unknown}
 f - a potion of haste {unknown}
 h - 2 potions of beneficial mutation {unknown}
 l - a potion of lignification {unknown}
 m - a potion of brilliance {unknown}
 n - a potion of curing {unknown}
 p - a potion of flight {unknown}
 q - a potion of agility {unknown}
Books
 a - a book of Frost

   Spells                             Type                      Level
   a - Freeze                         Ice                          1
   b - Throw Frost                    Conjuration/Ice              2
   c - Ozocubu's Armour               Charms/Ice                   3
   d - Throw Icicle                   Conjuration/Ice              4
   e - Summon Ice Beast               Ice/Summoning                4
Comestibles
 b - 5 meat rations
 i - a bread ration


   Skills:
 - Level 2.6 Dodging
 - Level 2.6 Stealth
 + Level 4.4 Spellcasting
 - Level 0.8 Conjurations
 * Level 6.6 Ice Magic


You had 5 spell levels left.
You knew the following spells:

 Your Spells              Type           Power        Failure   Level  Hunger
a - Freeze                Ice            ####         1%          1    None
b - Throw Frost           Conj/Ice       ###...       6%          2    #......
c - Summon Ice Beast      Ice/Summ       ###.....     38%         4    ####...


Dungeon Overview and Level Annotations

Branches:
Dungeon (5/15)
 Temple: D:4-7

Altars:
Elyvilon
Kikubaaqudgha
Xom
The Shining One

Shops:
D:4 [


Innate Abilities, Weirdness & Mutations

You cannot wear armour.
You are incapable of wielding weapons or throwing items.
Your paws allow you to move quietly. (Stealth)
You have sharp claws.
You have razor-sharp teeth.
You have supernaturally acute eyesight. (SInv)
You are carnivorous and can eat meat at any time.
You cover ground quickly.
You are covered in thick fur. (AC +2)
You have a slow metabolism.
Your sharp claws are effective at attacking unaware monsters.


Message History

You barely miss the scorpion.
The scorpion is moderately wounded.
You feel sick. The scorpion completely misses you.
You closely miss the scorpion.
The scorpion is moderately wounded.
You feel sick. The scorpion stings you.
You are lethally poisoned!
The scorpion poisons you!
You barely miss the scorpion. You bite the scorpion.
The scorpion is heavily wounded.
You feel sick. The scorpion closely misses you.
You closely miss the scorpion.
The scorpion is heavily wounded.
* * * LOW HITPOINT WARNING * * *
You feel sick. The scorpion stings you!
You die...
You are now level 5!
You rejoin the land of the living...
Found a scroll labeled YRIEHO DAUFO and 24 arrows.
Are you sure you want to abandon this character and quit the game? (Confirm with "yes".)

#.... #...# .
####...###..
...(.....#
........#
.......
#######...###.?
.......@.......
.######...#####
##.## .# .. ###


There were no monsters in sight!

Vanquished Creatures
  The ghost of raetorn the Cudgeler, an amateur TrBe of Trog (D:3)
  An ogre (D:5)
  A scorpion (D:4)
  An orc wizard (D:3)
  A hound (D:5)
  An iguana (D:5)
  3 worker ants
  4 adders
  3 gnolls (D:2)
  3 oozes
  4 worms
  3 dart slugs
  3 leopard geckos
  9 orcs
  7 giant cockroaches
  11 hobgoblins
  3 jackals (D:1)
  9 kobolds
  2 quokkas (D:2)
  10 bats
  7 frilled lizards
  8 goblins
  2 leopard gecko skeletons (D:4)
  5 rats
102 creatures vanquished.

Notes
Turn   | Place    | Note
-------+----------+-------------------------------------------
     0 | D:1      | Diazepam the Felid Ice Elementalist began the quest for the Orb.
     0 | D:1      | Reached XP level 1. HP: 7/7 MP: 4/4
   267 | D:1      | Reached skill level 3 in Ice Magic
   325 | D:1      | Reached XP level 2. HP: 9/11 MP: 1/6
   663 | D:1      | Learned a level 2 spell: Throw Frost
  1029 | D:1      | Reached XP level 3. HP: 14/14 MP: 3/7
  1983 | D:2      | Found an ancient bone altar of Kikubaaqudgha.
  1985 | D:2      | Found a shimmering altar of Xom.
  1991 | D:2      | Found a white marble altar of Elyvilon.
  2132 | D:2      | Reached skill level 4 in Ice Magic
  2266 | D:2      | Reached XP level 4. HP: 18/18 MP: 6/9
  3233 | D:2      | You fall through a shaft for 2 floors!
  3295 | D:4      | Found a white marble altar of Elyvilon.
  3515 | D:4      | Found Tysoefoz's Armour Boutique.
  3785 | D:5      | Entered Level 5 of the Dungeon
  4218 | D:4      | Reached XP level 5. HP: 21/21 MP: 5/10
  4653 | D:2      | Found a glowing golden altar of the Shining One.
  4704 | D:3      | Noticed raetorn's ghost (amateur TrBe)
  5114 | D:3      | Reached skill level 5 in Ice Magic
  6303 | D:3      | Gained mutation: You are covered in thick fur. (AC +2) [Felid growth]
  6303 | D:3      | Reached XP level 6. HP: 24/24 MP: 3/12
  6696 | D:3      | Killed raetorn's ghost
  7089 | D:4      | Reached skill level 6 in Ice Magic
  7485 | D:5      | Reached XP level 7. HP: 27/27 MP: 4/14
  7742 | D:4      | Learned a level 4 spell: Summon Ice Beast
  7781 | D:5      | Noticed a sun demon
  7784 | D:5      | Slain by an ice beast
  7785 | D:5      | Reached XP level 6. HP: -5/24 MP: 3/13
  7838 | D:5      | Slain by a scorpion
  7839 | D:5      | Reached XP level 5. HP: -3/21 MP: 3/12
  7839 | D:5      | Quit the game

Skill      XL: |  1  2  3  4  5  6 |
---------------+-------------------+-----
Ice Magic      | 3 4 5 6 |  6.6
Spellcasting   | 3 4 |  4.4
Dodging        | |  2.6
Stealth        | |  2.6
Conjurations   | |  0.8

Action                   |  1- 3 |  4- 6 |  7- 9 || total
-------------------------+-------+-------+-------++-------
Melee: Unarmed           |    14 |    36 |     1 ||    51
       Bite              |     1 |     5 |       ||     6
 Cast: Freeze            |    42 |    64 |     6 ||   112
       Throw Frost       |    20 |   141 |     6 ||   167
       Summon Ice Beast  |       |       |     1 ||     1
  Use: Scroll            |       |     7 |       ||     7
       Potion            |       |     2 |       ||     2
 Stab: Sleeping          |       |     1 |       ||     1
  Eat: Beef jerky        |     1 |     1 |     1 ||     3
       Meat ration       |       |     2 |       ||     2
Armor: Skin              |     2 |     7 |     1 ||    10
Dodge: Dodged            |    38 |   104 |     1 ||   143
